 Dungeon Crawl Stone Soup version 0.30.0 (webtiles) character file.

Game seed: 4116366079189460688

60 BillyBaka the Shooter (level 3, -1/30 HPs)
             Began as a Minotaur Hunter on May 6, 2023.
             Succumbed to an adder's poison
             ... on level 2 of the Dungeon.
             The game lasted 00:05:34 (1392 turns).

BillyBaka the Shooter (Minotaur Hunter)             Turns: 1392, Time: 00:05:35

Health: -1/30      AC:  3    Str: 15    XL:     3   Next: 80%
Magic:  2/2        EV: 12    Int:  6    God:
Gold:   113        SH:  0    Dex: 15    Spells: 2/2 levels left

rFire   . . .        a - +0 shortbow
rCold   . . .        (shield currently unavailable)
rNeg    . . .        c - +0 leather armour
rPois   .            (helmet restricted)
rElec   .            (no cloak)
rCorr   .            (no gloves)
SInv    .            (no boots)
Will    .....        (no amulet)
Stlth   +            (no ring)
HPRegen 0.25/turn    (no ring)
MPRegen 0.08/turn

%: no passive effects
@: lethally poisoned (-1 -> -9)
A: horns 2, retaliatory headbutt
a: no special abilities


You were on level 2 of the Dungeon.
You visited 1 branch of the dungeon, and saw 2 of its levels.

You collected 113 gold pieces.

Inventory:

Hand Weapons
 a - a +0 shortbow (weapon)
Missiles
 j - 4 silver boomerangs
Armour
 c - a +0 leather armour (worn)
Scrolls
 b - a scroll of immolation
 d - a scroll of teleportation {unknown}
 e - 2 scrolls of identify {unknown}
 g - a scroll of magic mapping {unknown}
 h - a scroll of fog {unknown}
Potions
 f - a potion of degeneration {unknown}
 i - a potion of curing {unknown}
 k - a potion of flight {unknown}
 l - a potion of magic {unknown}
 m - a potion of heal wounds {unknown}


   Skills:
 + Level 2.7 Fighting
 + Level 5.7 Ranged Weapons
 + Level 0.6 Armour
 + Level 2.3 Dodging
 + Level 0.8 Stealth


You had 2 spell levels left.
You didn't know any spells.
Your spell library was empty.

Dungeon Overview and Level Annotations

Branches:
Dungeon (2/15)

Altars:

Annotations:
D:2 Sigmund


Innate Abilities, Weirdness & Mutations

You have a pair of horns on your head.
You reflexively headbutt those who attack you in melee.


Message History

Deactivating autopickup; reactivate with Ctrl-A.
A dart slug comes into view.
The dart slug moves out of view.
Something tries to affect you, but you resist.
A magic dart appears from out of thin air!
The magic dart hits you!
A magic dart appears from out of thin air!
The magic dart hits you.
* * * LOW HITPOINT WARNING * * *
An adder comes into view.
Sigmund appears from thin air!
Reactivating autopickup.
The adder hisses angrily.
The adder barely misses you. The adder closely misses you.
The adder bites you but does no damage. The adder attacks as you move away!
The adder misses you. The adder closely misses you.
The adder attacks as you move away! The adder misses you.
The adder closely misses you. The adder attacks as you move away!
The adder barely misses you. The adder bites you.
Sigmund casts a spell.
Sigmund flickers and vanishes!
Deactivating autopickup; reactivate with Ctrl-A.
The adder attacks as you move away! The adder bites you.
You are poisoned.
The adder poisons you!
You feel sick. The adder bites you.
* * * LOW HITPOINT WARNING * * *
The adder attacks as you move away! The adder bites you.
* * * LOW HITPOINT WARNING * * *
You are lethally poisoned!
The adder poisons you!
* * * LOW HITPOINT WARNING * * *
You feel sick.
Unknown command.
Fire: a) +0 shortbow
Press: ? - help, Q - select action, (/) - cycle Shift-Dir - straight line, f - adder
Aim: an adder (44% to hit)
You shoot an arrow. The arrow closely misses the adder.
You die...

#.# #..#.######
#..##..
###†####..#.######
#..##..
#................#
#..##..
#...#####.#.####.#
#...... #..######.#.#
#####.##.. #..#
#..<.#.. ##.##..##..
#..#
#.#########.{.#####..
#..# #
########..#..## #..
#..#
#.@..##..###..###.#
#..# #S####..##
##..##.# #..#
#.###..## ##..##.
#..# #..#...# #..@#.
#..# ##...#...#
#...#... #..#
##..##..# #..##..#
#..#
##..##..#..##..##
#..# ##..##...##..##.
#..# #..##.##..# ##


You could see an adder.

Vanquished Creatures
  3 adders (D:2)
  5 ball pythons
  An endoplasm (D:1)
  3 goblins
  5 hobgoblins
  3 jackals (D:1)
  2 bats (D:2)
  3 frilled lizards (D:1)
  5 kobolds
  4 rats (D:1)
34 creatures vanquished.

Notes
Turn   | Place    | Note
-------+----------+-------------------------------------------
     0 | D:1      | BillyBaka the Minotaur Hunter began the quest for the Orb.
     0 | D:1      | Reached XP level 1. HP: 18/18 MP: 0/0
   259 | D:1      | Reached XP level 2. HP: 25/25 MP: 1/1
   270 | D:1      | Found a faded altar of an unknown god.
   423 | D:1      | Reached skill level 5 in Ranged Weapons
   896 | D:2      | Reached XP level 3. HP: 24/30 MP: 2/2
  1316 | D:2      | Noticed Sigmund
  1392 | D:2      | Succumbed to an adder's poison

Illustrated notes

Levels and vault maps discovered:
D:1:      ncdulo_smallfort, layout_basic, ebering_ecumenical_altar_rust
D:2:      minmay_alternating_diamond, layout_loops_ring, basic_altar,
          uniq_sigmund

Skill      XL: |  1  2 |
---------------+-------+-----
Ranged Weapons | 5 |  5.7
Fighting       | |  2.7
Armour         | |  0.6
Dodging        | |  2.3
Stealth        | |  0.8

Action                     || total
---------------------------++-------
   Fire: Shortbow          ||   103
 Armour: Leather armour    ||    17
  Dodge: Dodged            ||    34
